 Dungeon Crawl Stone Soup version 0.32-a0-30-gefbe487952 (webtiles) character file.

Game seed: 15581681230552057598

204 fozzywoppz the Sneak (level 6, -23/35 HPs)
             Began as a Kobold Brigand on Jan 19, 2024.
             Killed by an exploding goblin (36 damage)
             ... ignited by their inner flame
             ... on level 2 of the Dungeon.
             The game lasted 00:03:02 (1227 turns).

fozzywoppz the Sneak (Kobold Brigand)               Turns: 1227, Time: 00:03:04

Health: -23/35     AC:  4    Str:  9    XL:     6   Next: 9%
Magic:  6/6        EV: 16    Int: 12    God:
Gold:   22         SH:  0    Dex: 18    Spells: 5/5 levels left

rFire   . . .        a - +2 dagger
rCold   . . .        (no shield)
rNeg    . . .        b - +0 robe
rPois   .            m - +0 helmet
rElec   .            c - +0 cloak
rCorr   .            (no gloves)
SInv    .            (no boots)
Will    .....        (no amulet)
Stlth   +++++        (no ring)
HPRegen 0.25/turn    (no ring)
MPRegen 0.10/turn

%: no passive effects
@: weak-willed, attractive
A: small, no large weapons, nightstalker 3
a: no special abilities


You were on level 2 of the Dungeon.
You visited 1 branch of the dungeon, and saw 2 of its levels.

You collected 22 gold pieces.

Inventory:

Hand Weapons
 a - a +2 dagger (weapon)
Missiles
 d - 9 poisoned darts (quivered)
 e - 3 curare-tipped darts
 l - 4 stones
Armour
 b - a +0 robe (worn)
 c - a +0 cloak (worn)
 m - a +0 helmet (worn)
 n - a +0 buckler


   Skills:
 - Level 2.1 Fighting
 + Level 5.0 Short Blades
 - Level 2.1 Throwing
 + Level 3.8 Dodging
 + Level 7.0 Stealth


You had 5 spell levels left.
You didn't know any spells.
Your spell library contained the following spells:

 Spells                   Type           Power      Damage    Failure   Level
 Vhi's Electric Charge    Tloc/Air       0%         N/A       97%         4
 Arcjolt                  Conj/Air       0%         1d10      100%        5
 Maxwell's Capacitive Co  Air            0%         ∞         100%        8


Dungeon Overview and Level Annotations

Branches:
Dungeon (2/15)

Altars:

Annotations:
D:2 Robin


Innate Abilities, Weirdness & Mutations

You are small and have problems with some larger weapons.
You are completely attuned to the shadows.


Message History

The goblin barely misses you. x2; The goblin closely misses you.
The goblin hits you but does no damage. The goblin hits you with a +0 dagger.
The goblin completely misses you. Robin closely misses you.
As you read the scroll labelled BAUVVI CAENI, it crumbles to dust.
The creatures around you are filled with an inner flame!
It was a scroll of immolation.
The hobgoblin misses you. The goblin hits you with a +0 club.
The goblin misses you. The goblin barely misses you.
The goblin closely misses you.
The goblin barely misses you. x2; Robin hits you with a +0 mace.
Unknown command.
The air fills with toxic fumes!
As you read the scroll labelled YZERCHI WUOR, it crumbles to dust.
It was a scroll of poison.
The hobgoblin misses you. The goblin hits you with a +0 dagger.
The goblin completely misses you. The goblin hits you but does no damage.
The goblin closely misses you. The goblin misses you.
The goblin hits you with a +0 club. Robin completely misses you.
It was a potion of curing.
You feel better. The hobgoblin hits you.
The goblin hits you but does no damage. The goblin closely misses you.
The goblin hits you but does no damage. x2; The goblin misses you.
The goblin closely misses you. Robin completely misses you.
You barely miss Robin. The hobgoblin closely misses you.
The goblin completely misses you. The goblin hits you but does no damage.
The goblin hits you with a +0 dagger. x3
The goblin hits you but does no damage. Robin misses you.
Unknown command.
It was a potion of attraction.
You feel attractive to monsters. The hobgoblin closely misses you.
The goblin hits you but does no damage. The goblin closely misses you.
The goblin barely misses you. The goblin hits you with a +0 dagger.
The goblin barely misses you. The goblin hits you with a +0 club.
Robin misses you.
You hit the goblin.
The goblin explodes!
The fiery explosion engulfs the hobgoblin!!
The fiery explosion engulfs the goblin!! x2
The fiery explosion engulfs the hobgoblin!!
The fiery explosion engulfs you!!!
Ouch! That really hurt!
You die...

#§§§§§§ ###§§§§§§ #.
§§§§§gK§ #.# #.#
#§))g##
#.####.###§)@g§#
#.##....§§§ggg§§§
#####.##.#..§§§§J§§§§
...#...#.#.###§§§§§§§
##.#†......# §§§§§§§§
#.#...#.#.#.....#..
#.#...###########
#.#...# ##.#...#


You could see Robin (inner flame, weak-willed), an endoplasm (inner flame,
weak-willed), a hobgoblin (inner flame, strong, weak-willed), 4 goblins and a
kobold (inner flame).

Vanquished Creatures
  Sigmund (D:2)
  An adder (D:2)
  A dart slug (D:1)
  A ribbon worm (D:2)
  3 ball pythons
  3 endoplasms (D:1)
  A giant cockroach (D:2)
  7 goblins
  4 hobgoblins (D:2)
  5 kobolds
  A quokka (D:1)
  2 frilled lizards (D:1)
  3 rats
33 creatures vanquished.

Notes
Turn   | Place    | Note
-------+----------+-------------------------------------------
     0 | D:1      | fozzywoppz the Kobold Brigand began the quest for the Orb.
     0 | D:1      | Reached XP level 1. HP: 12/12 MP: 1/1
    56 | D:1      | Reached XP level 2. HP: 17/17 MP: 2/2
   622 | D:1      | Found a faded altar of an unknown god.
   949 | D:2      | Noticed Sigmund
   953 | D:2      | Killed Sigmund
   954 | D:2      | Reached skill level 6 in Stealth
   954 | D:2      | Reached XP level 3. HP: 21/21 MP: 3/3
   954 | D:2      | Reached XP level 4. HP: 26/26 MP: 4/4
   954 | D:2      | Reached XP level 5. HP: 30/30 MP: 5/5
   963 | D:2      | Reached XP level 6. HP: 35/35 MP: 6/6
  1152 | D:2      | Reached skill level 7 in Stealth
  1176 | D:2      | Reached skill level 5 in Short Blades
  1214 | D:2      | Noticed Robin
  1227 | D:2      | Killed by an exploding goblin... ignited by their inner
                  | flame

Illustrated notes

Levels and vault maps discovered:
D:1:      mrwooster_arrival_arrow, layout_basic,
          shapermc_ecumenical_altar_pompeii
D:2:      layout_basic, kennysheep_nondescript, uniq_sigmund, uniq_terence,
          uniq_crazy_yiuf_cottage, uniq_natasha, uniq_robin

Skill      XL: |  1  2  3  4  5  6 |
---------------+-------------------+-----
Short Blades   | 3 4 5 |  5.0
Dodging        | 3 |  3.8
Stealth        | 6 7 |  7.0
Fighting       | |  2.1
Throwing       | |  2.1

Action                     |  1- 3 |  4- 6 || total
---------------------------+-------+-------++-------
  Melee: Dagger            |    30 |    32 ||    62
         Punch             |     2 |       ||     2
    Use: Scroll            |       |     4 ||     4
         Potion            |       |     2 ||     2
   Stab: Sleeping          |    10 |     3 ||    13
 Armour: Robe              |     4 |    33 ||    37
  Dodge: Dodged            |    12 |    61 ||    73

Table legend: (Time is in decaauts)
 A = Elapsed time spent in this place.
 B = Non-inter-level travel time spent in this place.
 C = Inter-level travel time spent in this place.
 D = Time resting spent in this place.
 E = Time spent auto-exploring this place.
 F = Levels seen in this place.
 G = Mean time per level.
                   A        B        C        D        E       F      G
               +--------+--------+--------+--------+--------+-----+--------+
         Total |   1214 |   1194 |     20 |      0 |    864 |   2 |  607.0 |
       Dungeon |   1214 |   1194 |     20 |      0 |    864 |   2 |  607.0 |
               +--------+--------+--------+--------+--------+-----+--------+

Top non-repeatable levels by time:
     D:1: 916 daAuts
     D:2: 298 daAuts
